TOP OF THE 1ST |
Akron Aeros batting - Pitching for Harrisburg Senators : RHP Francisco Butto
|
Pitching: RHP Francisco Butto
|
|
Batting: RHB Sean Pierce
|
0-0: Ball 1-0: Ball 2-0: Ground out 3-1 (Groundball, 34, EV 88.8 MPH)
|
Batting: RHB Ryan Christenson
|
0-0: Fly out, F8 (Flyball, 8LXD, EV 85.6 MPH)
|
Batting: RHB Eichiro Yamamoto
|
0-0: Swinging Strike 0-1: Ball 1-1: Ball 2-1: Foul Ball, location: 5SF 2-2: Foul Ball, location: 3F 2-2: Fly out, F7 (Line Drive, 7, EV 106.9 MPH)
|
Top of the 1st over - 0 runs, 0 hits, 0 errors, 0 left on base; Akron 0 - Harrisburg 0 |
BOTTOM OF THE 1ST |
Harrisburg Senators batting - Pitching for Akron Aeros : RHP Grant Roberts
|
Pitching: RHP Grant Roberts
|
|
Batting: SHB Melky Cabrera
|
0-0: Ground out 5-3 (Groundball, 56, EV 101.9 MPH)
|
Batting: LHB Joey Votto
|
0-0: Ball 1-0: Swinging Strike 1-1: Ball 2-1: Foul Ball, location: 3DF 2-2: Foul Ball, location: 2F 2-2: Strikes out swinging
|
Batting: LHB Edgar Rivera
|
0-0: Called Strike 0-1: Swinging Strike 0-2: Ball 1-2: Ball 2-2: SINGLE (Line Drive, 9S, EV 102.5 MPH)
|
Batting: LHB Vince Faison
|
0-0: Foul Ball, location: 3FF 0-1: Ball 1-1: Fly out, F5 (Popup, 56S, EV 83.8 MPH)
|
Bottom of the 1st over - 0 runs, 1 hit, 0 errors, 1 left on base; Akron 0 - Harrisburg 0 |
TOP OF THE 2ND |
Akron Aeros batting - Pitching for Harrisburg Senators : RHP Francisco Butto
|
Batting: SHB Jose Alfaro
|
0-0: Ball 1-0: SOLO HOME RUN (Flyball, 7D, EV 98.1 MPH), Distance : 368 ft
|
Batting: RHB Alfredo Medina
|
0-0: Foul Ball, location: 9LSF 0-1: Foul Ball, location: 5FF 0-2: Ball 1-2: Foul Ball, location: 3FF 1-2: Foul Ball, location: 9LDF 1-2: Ball 2-2: Ground out 5-3 (Groundball, 56, EV 92.5 MPH)
|
Batting: SHB Willie Flores
|
0-0: Called Strike 0-1: SINGLE (Groundball, 3D, EV 98.1 MPH)
|
Batting: LHB Ben Broussard
|
0-0: Ball 1-0: Called Strike 1-1: Foul Ball, location: 23F 1-2: Ball 2-2: Foul Ball, location: 23FF 2-2: Foul Ball, location: 2F 2-2: Strikes out looking
|
Batting: RHB Robby Hammock
|
0-0: Ball 1-0: Ball 2-0: Ball 3-0: Base on Balls Willie Flores to second
|
Batting: RHB Steve Scarborough
|
0-0: Ball 1-0: Ball 2-0: Called Strike 2-1: Called Strike 2-2: Ground out 4-3 (Groundball, 4, EV 78.1 MPH)
|
Top of the 2nd over - 1 run, 2 hits, 0 errors, 2 left on base; Akron 1 - Harrisburg 0 |
BOTTOM OF THE 2ND |
Harrisburg Senators batting - Pitching for Akron Aeros : RHP Grant Roberts
|
Batting: LHB Luke Appert
|
0-0: Foul Ball, location: 7LSF 0-1: Ball 1-1: Ball 2-1: Foul Ball, location: 23FF 2-2: Ground out 3-1 (Groundball, 34, EV 103.8 MPH)
|
Batting: RHB Mark Kiger
|
0-0: Called Strike 0-1: Ground out 5-3 (Groundball, 25, EV 85.0 MPH)
|
Batting: SHB Wayne Lydon
|
0-0: DOUBLE (Line Drive, 78M, EV 93.8 MPH)
|
Batting: RHB Chad Ehrnsberger
|
0-0: Foul Ball, location: 25F 0-1: Ground out 6-3 (Groundball, P, EV 82.5 MPH)
|
Bottom of the 2nd over - 0 runs, 1 hit, 0 errors, 1 left on base; Akron 1 - Harrisburg 0 |
TOP OF THE 3RD |
Akron Aeros batting - Pitching for Harrisburg Senators : RHP Francisco Butto
|
Batting: RHB Sean Pierce
|
0-0: Called Strike 0-1: TRIPLE (Flyball, 78XD, EV 99.4 MPH)
|
Batting: RHB Ryan Christenson
|
0-0: Foul Ball, location: 2F 0-1: Hit by Pitch
|
Batting: RHB Eichiro Yamamoto
|
0-0: Called Strike 0-1: Ball 1-1: Fly out, F9 (Flyball, 89M, EV 73.1 MPH)
|
Batting: SHB Jose Alfaro
|
0-0: Ball 1-0: Called Strike 1-1: Ball Ryan Christenson is caught stealing 2nd base 2-6 2-1: Ground out 6-3 (Groundball, 4M, EV 91.3 MPH)
|
Top of the 3rd over - 0 runs, 1 hit, 0 errors, 1 left on base; Akron 1 - Harrisburg 0 |
BOTTOM OF THE 3RD |
Harrisburg Senators batting - Pitching for Akron Aeros : RHP Grant Roberts
|
Batting: SHB Armando Contreras
|
0-0: Ball 1-0: Ball 2-0: Ball 3-0: Called Strike 3-1: Fly out, F9 (Flyball, 89S, EV 91.9 MPH)
|
Batting: SHB Melky Cabrera
|
0-0: Called Strike 0-1: Ball 1-1: Ball 2-1: Swinging Strike 2-2: Foul Ball, location: 2F 2-2: Foul Ball, location: 2F 2-2: Fly out, F5 (Line Drive, 56, EV 62.5 MPH)
|
Batting: LHB Joey Votto
|
0-0: Called Strike 0-1: Ball 1-1: Foul Ball, location: 25FF 1-2: Foul Ball, location: 5SF 1-2: Ball 2-2: Ground out 5-3 (Groundball, 56S, EV 94.4 MPH)
|
Bottom of the 3rd over - 0 runs, 0 hits, 0 errors, 0 left on base; Akron 1 - Harrisburg 0 |
TOP OF THE 4TH |
Akron Aeros batting - Pitching for Harrisburg Senators : RHP Francisco Butto
|
Batting: RHB Alfredo Medina
|
0-0: Swinging Strike 0-1: Swinging Strike 0-2: SINGLE (Line Drive, 8LS, EV 110.0 MPH)
|
Batting: SHB Willie Flores
|
0-0: Ball 1-0: Fly out, F9 (Flyball, 9LM, EV 95.6 MPH)
|
Batting: LHB Ben Broussard
|
0-0: Ball 1-0: Ball 2-0: Ball 3-0: Base on Balls Alfredo Medina to second
|
Batting: RHB Robby Hammock
|
0-0: Ball 1-0: Ball 2-0: Called Strike 2-1: Grounds into double play, 6-4-3 (Groundball, 6, EV 100.0 MPH)
|
Top of the 4th over - 0 runs, 1 hit, 0 errors, 1 left on base; Akron 1 - Harrisburg 0 |
BOTTOM OF THE 4TH |
Harrisburg Senators batting - Pitching for Akron Aeros : RHP Grant Roberts
|
Batting: LHB Edgar Rivera
|
0-0: Called Strike 0-1: SINGLE (Groundball, 34D, EV 99.4 MPH)
|
Batting: LHB Vince Faison
|
0-0: Ball 1-0: Foul Ball, location: 2F 1-1: Ball 2-1: Ball 3-1: Base on Balls Edgar Rivera to second
|
Batting: LHB Luke Appert
|
0-0: Ball 1-0: Foul Ball, location: 3FF 1-1: SINGLE (Line Drive, 8LS, EV 110.6 MPH) Edgar Rivera to third Vince Faison to second Runner from 3rd tries for Home, SAFE, throw by CF to home
|
Batting: RHB Mark Kiger
|
0-0: Foul Ball, location: 2F 0-1: Ball 1-1: Sac Bunt to 15 - play at first, batter OUT! 1-3 Vince Faison to third Luke Appert to second
|
Batting: SHB Wayne Lydon
|
0-0: Ball 1-0: DOUBLE (Line Drive, 78XD, EV 105.6 MPH) Vince Faison scores Luke Appert scores
|
Batting: RHB Chad Ehrnsberger
|
0-0: Ball 1-0: Foul Ball, location: 2F 1-1: Swinging Strike 1-2: Strikes out looking
|
Batting: SHB Armando Contreras
|
0-0: Called Strike 0-1: Called Strike 0-2: Ball 1-2: Ball 2-2: Fly out, F9 (Flyball, 89M, EV 100.6 MPH)
|
Bottom of the 4th over - 3 runs, 3 hits, 0 errors, 1 left on base; Akron 1 - Harrisburg 3 |
TOP OF THE 5TH |
Akron Aeros batting - Pitching for Harrisburg Senators : RHP Francisco Butto
|
Batting: RHB Steve Scarborough
|
0-0: SINGLE (Line Drive, 8LS, EV 103.1 MPH)
|
Batting: RHB Sean Pierce
|
0-0: Foul Ball, location: 9LSF 0-1: Ball Steve Scarborough steals 2nd base 1-1: SINGLE (Groundball, 2R, EV 68.1 MPH) (infield hit) Steve Scarborough to third
|
Batting: RHB Ryan Christenson
|
0-0: Ball 1-0: Ball 2-0: Ball 3-0: Called Strike 3-1: Swinging Strike 3-2: DOUBLE (Line Drive, 9LD, EV 109.4 MPH) Steve Scarborough scores Sean Pierce to third
|
Batting: RHB Eichiro Yamamoto
|
0-0: Ball 1-0: Foul Ball, location: 5FF 1-1: Fielders Choice attempt at home, Runner SAFE. 6-2 (Groundball, 6, EV 81.9 MPH) Ryan Christenson to third
|
Batting: SHB Jose Alfaro
|
0-0: 3-RUN HOME RUN (Flyball, 78XD, EV 107.5 MPH), Distance : 396 ft
|
Pitching: RHP James Carroll
|
|
Batting: RHB Alfredo Medina
|
0-0: Called Strike 0-1: Ground out 6-3 (Groundball, 6, EV 85.6 MPH)
|
Batting: SHB Willie Flores
|
0-0: SINGLE (Line Drive, 4MD, EV 94.4 MPH)
|
Batting: LHB Ben Broussard
|
0-0: Called Strike 0-1: Ball 1-1: Ball 2-1: Ball 3-1: Foul Ball, location: 5SF 3-2: Base on Balls Willie Flores to second
|
Batting: RHB Robby Hammock
|
0-0: Ball Passed Ball! Willie Flores to third Ben Broussard to second 1-0: Ball 2-0: Ball 3-0: Called Strike 3-1: Called Strike 3-2: Foul Ball, location: 9LSF 3-2: Base on Balls
|
Batting: RHB Steve Scarborough
|
0-0: Ball 1-0: Ball 2-0: Ball 3-0: Called Strike 3-1: Grounds into fielders choice 6-2 (Groundball, 6, EV 89.4 MPH) Ben Broussard to third Robby Hammock to second
|
Batting: RHB Sean Pierce
|
0-0: Called Strike 0-1: Ball 1-1: Ball 2-1: Ball 3-1: Foul Ball, location: 9LMF 3-2: Foul Ball, location: 2F 3-2: Base on Balls Ben Broussard scores Robby Hammock to third Steve Scarborough to second
|
Batting: RHB Ryan Christenson
|
0-0: Ball 1-0: Ball 2-0: Fly out, F8 (Line Drive, 8LS, EV 91.9 MPH)
|
Top of the 5th over - 6 runs, 5 hits, 0 errors, 3 left on base; Akron 7 - Harrisburg 3 |
BOTTOM OF THE 5TH |
Harrisburg Senators batting - Pitching for Akron Aeros : RHP Grant Roberts
|
Batting: SHB Melky Cabrera
|
0-0: Ball 1-0: DOUBLE (Flyball, 78D, EV 108.1 MPH)
|
Batting: LHB Joey Votto
|
0-0: Ball 1-0: Foul Ball, location: 7LDF 1-1: Ball 2-1: Foul Ball, location: 5F 2-2: Strikes out looking
|
Batting: LHB Edgar Rivera
|
0-0: Ball 1-0: Foul Ball, location: 9LSFF 1-1: Ground out U3 (Groundball, 3, EV 81.3 MPH) Melky Cabrera to third
|
Batting: LHB Vince Faison
|
0-0: Ground out 3-1 (Groundball, 34, EV 87.5 MPH)
|
Bottom of the 5th over - 0 runs, 1 hit, 0 errors, 1 left on base; Akron 7 - Harrisburg 3 |
TOP OF THE 6TH |
Akron Aeros batting - Pitching for Harrisburg Senators : RHP James Carroll
|
Batting: RHB Eichiro Yamamoto
|
0-0: Ball 1-0: Foul Ball, location: 7LDF 1-1: Ball 2-1: Fly out, F9 (Line Drive, 9S, EV 75.0 MPH)
|
Pitching: LHP Craig Breslow
|
|
Batting: SHB Jose Alfaro
|
0-0: Ball 1-0: Foul Ball, location: 2F 1-1: Ball 2-1: Ball 3-1: Called Strike 3-2: Ground out 6-3 (Groundball, 6M, EV 82.5 MPH)
|
Batting: RHB Alfredo Medina
|
0-0: Fly out, F8 (Flyball, 8RM, EV 95.0 MPH)
|
Top of the 6th over - 0 runs, 0 hits, 0 errors, 0 left on base; Akron 7 - Harrisburg 3 |
BOTTOM OF THE 6TH |
Harrisburg Senators batting - Pitching for Akron Aeros : RHP Grant Roberts
|
Batting: LHB Luke Appert
|
0-0: Ground out 4-3 (Groundball, 4, EV 86.3 MPH)
|
Batting: RHB Mark Kiger
|
0-0: Called Strike 0-1: Ball 1-1: Ground out U3 (Groundball, 34, EV 89.4 MPH)
|
Batting: SHB Wayne Lydon
|
0-0: Foul Ball, location: 7LSF 0-1: Fly out, F7 (Flyball, 7D, EV 103.8 MPH)
|
Bottom of the 6th over - 0 runs, 0 hits, 0 errors, 0 left on base; Akron 7 - Harrisburg 3 |
TOP OF THE 7TH |
Akron Aeros batting - Pitching for Harrisburg Senators : LHP Craig Breslow
|
Batting: SHB Willie Flores
|
0-0: SINGLE (Groundball, 34D, EV 99.4 MPH)
|
Batting: LHB Ben Broussard
|
0-0: Called Strike 0-1: Ball 1-1: Ball 2-1: Foul Ball, location: 2F 2-2: Ball 3-2: Fielders Choice at 2nd, 4-6 (Groundball, 34, EV 108.8 MPH)
|
Batting: RHB Robby Hammock
|
0-0: Fly out, F8 (Flyball, 78D, EV 89.4 MPH)
|
Batting: RHB Steve Scarborough
|
0-0: Foul Ball, location: 5F 0-1: Ground out U3 (Groundball, 3S, EV 81.3 MPH)
|
Top of the 7th over - 0 runs, 1 hit, 0 errors, 1 left on base; Akron 7 - Harrisburg 3 |
BOTTOM OF THE 7TH |
Harrisburg Senators batting - Pitching for Akron Aeros : RHP Grant Roberts
|
Batting: RHB Chad Ehrnsberger
|
0-0: Swinging Strike 0-1: Ball 1-1: Ground out 4-3 (Groundball, 4MD, EV 96.9 MPH)
|
Batting: SHB Armando Contreras
|
0-0: Ball 1-0: Ground out 4-3 (Groundball, 4, EV 86.3 MPH)
|
Batting: SHB Melky Cabrera
|
0-0: Called Strike 0-1: Ball 1-1: Called Strike 1-2: Ground out 4-3 (Groundball, 4M, EV 87.5 MPH)
|
Bottom of the 7th over - 0 runs, 0 hits, 0 errors, 0 left on base; Akron 7 - Harrisburg 3 |
TOP OF THE 8TH |
Akron Aeros batting - Pitching for Harrisburg Senators : LHP Craig Breslow
|
Batting: RHB Sean Pierce
|
0-0: Called Strike 0-1: Foul Ball, location: 9LSF 0-2: Strikes out looking
|
Batting: RHB Ryan Christenson
|
0-0: Ball 1-0: Ball 2-0: Ball 3-0: Called Strike 3-1: Called Strike 3-2: SINGLE (Line Drive, 8LS, EV 87.5 MPH)
|
Pitching: RHP James Garcia
|
|
Batting: RHB Eichiro Yamamoto
|
0-0: Ball 1-0: Ball 2-0: Ball 3-0: Called Strike 3-1: Fly out, F7 (Line Drive, 7D, EV 96.9 MPH)
|
Batting: SHB Jose Alfaro
|
0-0: Swinging Strike 0-1: Swinging Strike 0-2: Strikes out swinging
|
Top of the 8th over - 0 runs, 1 hit, 0 errors, 1 left on base; Akron 7 - Harrisburg 3 |
BOTTOM OF THE 8TH |
Harrisburg Senators batting - Pitching for Akron Aeros : RHP Grant Roberts
|
Now in LF: Paul Boykin
|
|
Batting: LHB Joey Votto
|
0-0: Ground out 4-3 (Groundball, 4, EV 88.8 MPH)
|
Batting: LHB Edgar Rivera
|
0-0: Called Strike 0-1: Hit by Pitch
|
Batting: LHB Vince Faison
|
0-0: Ball 1-0: Ball 2-0: Ball 3-0: Base on Balls Edgar Rivera to second
|
Batting: LHB Luke Appert
|
0-0: Called Strike 0-1: Ball 1-1: Foul Ball, location: 25FF 1-2: Ball 2-2: Ball 3-2: Base on Balls Edgar Rivera to third Vince Faison to second
|
Pitching: RHP Sidney Ponson
|
|
Batting: RHB Mark Kiger
|
0-0: Ball 1-0: Ball 2-0: Swinging Strike 2-1: Ball 3-1: Called Strike 3-2: Base on Balls Edgar Rivera scores Vince Faison to third Luke Appert to second
|
Batting: SHB Wayne Lydon
|
0-0: Ball 1-0: Swinging Strike 1-1: Ball 2-1: Foul Ball, location: 7LSF 2-2: Ball 3-2: Base on Balls Vince Faison scores Luke Appert to third Mark Kiger to second
|
Batting: RHB Chad Ehrnsberger
|
0-0: Fly out, F3 (Popup, 3, EV 70.6 MPH)
|
Batting: SHB Armando Contreras
|
0-0: Ball 1-0: Ball 2-0: Ball 3-0: Called Strike 3-1: Base on Balls Luke Appert scores Mark Kiger to third Wayne Lydon to second
|
Batting: SHB Melky Cabrera
|
0-0: Ball 1-0: Ball 2-0: SINGLE (Line Drive, 7S, EV 105.0 MPH) Mark Kiger scores Wayne Lydon to third Armando Contreras to second Runner from 3rd tries for Home, SAFE, throw by LF to home
|
Batting: LHB Joey Votto
|
0-0: Swinging Strike 0-1: Called Strike 0-2: Strikes out swinging
|
Bottom of the 8th over - 5 runs, 1 hit, 0 errors, 2 left on base; Akron 7 - Harrisburg 8 |
TOP OF THE 9TH |
Akron Aeros batting - Pitching for Harrisburg Senators : RHP James Garcia
|
Batting: RHB Alfredo Medina
|
0-0: Ball 1-0: Called Strike 1-1: Foul Ball, location: 2F 1-2: Ground out 6-3 (Groundball, 6, EV 100.0 MPH)
|
Batting: SHB Willie Flores
|
0-0: Called Strike 0-1: Swinging Strike 0-2: Ground out 1-3 (Groundball, 13S, EV 68.1 MPH)
|
Batting: LHB Ben Broussard
|
0-0: Fly out, F4 (Popup, 4M, EV 71.3 MPH)
|
Top of the 9th over - 0 runs, 0 hits, 0 errors, 0 left on base; Akron 7 - Harrisburg 8 |
|